 Dungeon Crawl Stone Soup version 0.31-a0-321-g19405a7a6a (webtiles) character file.

Game seed: 16839508631376409627

6897 Monkooky the Mimic (level 10, -3/108 HPs)
             Began as a Demigod Shapeshifter on July 17, 2023.
             Slain by a slime creature (16 damage)
             ... on level 9 of the Dungeon.
             The game lasted 00:13:26 (9808 turns).

Monkooky the Mimic (Demigod Shapeshifter)           Turns: 9808, Time: 00:13:27

Health: -3/108     AC:  8    Str: 33    XL:     10   Next: 50%
Magic:  13/13      EV: 10    Int: 10    God:
Gold:   104        SH:  0    Dex: 14    Spells: 9/9 levels left

rFire   . .          .
                       - Unarmed
rCold   . . .        (shield currently unavailable)
rNeg    . . .        p - melded +5 chain mail "Reamaeps" {+Inv rF- Int+6 Dex+3}
rPois   .            (helmet currently unavailable)
rElec   .            z - melded +0 cloak
rCorr   .            m - melded +0 pair of gloves
SInv    .            q - melded +1 pair of boots of the Nexus {rPois Stlth+}
Will    +....        (no amulet)
Stlth   +            s - ring of flight
HPRegen 0.38/turn    (no ring)
MPRegen 0.13/turn

%: no passive effects
@: snake-form, flying
A: constrict, boosted hp, large, high MP 1, forlorn, divine attributes
a: Begin Untransformation


You were on level 9 of the Dungeon.
You were an enormous anaconda.
You visited 1 branch of the dungeon, and saw 9 of its levels.
You also visited: Sewer and Ossuary.

You collected 544 gold pieces.
You spent 440 gold pieces at shops.

Inventory:

Hand Weapons
 o - a +0 dagger of speed
 I - a +0 spear
Missiles
 C - 30 poisoned darts (quivered)
 H - a throwing net
Armour
 m - a +0 pair of gloves (melded)
 p - the +5 chain mail "Reamaeps" (melded) {+Inv rF- Int+6 Dex+3}
   (You found it on level 3 of the Dungeon)

   Int:       It affects your intelligence (+6).
   Dex:       It affects your dexterity (+3).
   rF:        It makes you vulnerable to fire.
   +Inv:      It lets you turn invisible.
 q - the +1 pair of boots of the Nexus (melded) {rPois Stlth+}
   (You found it on level 3 of the Dungeon)

   rPois:     It protects you from poison.
   Stlth:     It makes you more stealthy.
 z - a +0 cloak (melded)
 J - a +0 troll leather armour {Pargi}
Jewellery
 s - a ring of flight (left hand)
 A - an amulet of magic regeneration
 K - a ring of wizardry
Talismans
 a - a serpent talisman
 c - a beast talisman
 M - a maw talisman
Wands
 b - a wand of quicksilver (8)
Scrolls
 e - 4 scrolls of teleportation
 g - 2 scrolls of vulnerability {unknown}
 h - 2 scrolls of amnesia {unknown}
 i - 5 scrolls of revelation
 k - 3 scrolls of enchant armour {unknown}
 n - 2 scrolls of brand weapon {unknown}
 u - 3 scrolls of immolation
 x - a scroll of butterflies {unknown}
 y - 7 scrolls of identify {unknown}
 D - 4 scrolls of blinking {unknown}
 G - 2 scrolls of noise {unknown}
Potions
 d - 3 potions of curing
 f - a potion of mutation {unknown}
 j - 3 potions of enlightenment {unknown}
 l - 3 potions of attraction {unknown}
 r - 3 potions of cancellation {unknown}
 t - 2 potions of invisibility {unknown}
 v - 2 potions of might {unknown}
 w - 2 potions of heal wounds {unknown}
 B - 3 potions of haste {unknown}
 E - a potion of brilliance {unknown}
 L - a potion of lignification


   Skills:
 + Level 8.6 Fighting
 + Level 2.6 Dodging
 * Level 7.6 Unarmed Combat
 - Level 9.0 Shapeshifting


You had 9 spell levels left.
You didn't know any spells.
Your spell library contained the following spells:

 Spells                   Type           Power      Damage    Failure   Level
 Foxfire                  Conj/Fire      0%         2x1d4     36%         1
 Magic Dart               Conj           0%         1d3       36%         1
 Call Imp                 Summ           0%         N/A       50%         2
 Poisonous Vapours        Pois/Air       0%         N/A       50%         2
 Sublimation of Blood     Necr           0%         N/A       50%         2
 Inner Flame              Hex/Fire       0%         N/A       75%         3
 Mephitic Cloud           Conj/Pois/Air  0%         N/A       75%         3
 Portal Projectile        Hex/Tloc       0%         N/A       75%         3
 Tukima's Dance           Hex            0%         N/A       75%         3
 Flame Wave               Conj/Fire      0%         2d4       98%         4
 Iskenderun's Mystic Bla  Conj/Tloc      0%         2d3       98%         4
 Petrify                  Tmut/Erth      0%         N/A       98%         4
 Sticky Flame             Conj/Fire      0%         2d3       98%         4
 Freezing Cloud           Conj/Ice/Air   0%         6-21      100%        5
 Irradiate                Conj/Tmut      0%         3d11      100%        5
 Plasma Beam              Fire/Air       0%         2x1d10    100%        6
 Starburst                Conj/Fire      0%         6d3       100%        6


Dungeon Overview and Level Annotations

Branches:
Dungeon (9/15)             Temple (0/1) D:4           Sewer (visited)
Ossuary (visited)
   Lair: D:8-11         Orc: D:9-12

Shops:
D:3 :(=


Innate Abilities, Weirdness & Mutations

You are an enormous anaconda.
You have a powerful constriction melee attack.
Your maximum health is increased.
Your armour is entirely melded.
You are incapable of wielding weapons or throwing items.
You have an increased reservoir of magic. (+10% MP)
You shall have no god before yourself.
Your divine heritage dramatically boosts your attributes as you level up.


Message History

The slime creature hits you but does no damage.
You body-slam the slime creature!!
You kill the slime creature!
A slime creature comes into view.
You lash the slime creature!
The slime creature is lightly wounded.
The slime creature hits you.
Two slime creatures merge to form a large slime creature.
You barely miss the large slime creature.
The large slime creature is lightly wounded.
The large slime creature hits you!
You are too injured to fight recklessly!
You body-slam the large slime creature!!
The large slime creature is moderately wounded.
A large slime creature splits.
You barely miss the slime creature.
The slime creature is moderately wounded.
The slime creature hits you!
You body-slam the slime creature!!
The slime creature is severely wounded.
The slime creature hits you!
The slime creature completely misses you.
You hit the slime creature.
The slime creature is almost dead.
The slime creature hits you.
You barely miss the slime creature.
The slime creature is almost dead.
The slime creature hits you!
* * * LOW HITPOINT WARNING * * *
The slime creature misses you.
You barely miss the slime creature.
The slime creature is almost dead.
The slime creature hits you.
* * * LOW HITPOINT WARNING * * *
The slime creature hits you!
* * * LOW HITPOINT WARNING * * *
Unknown command.
Okay, then.
You feel better. The slime creature hits you!
You die...

#######################
.......................#
.....>.[...............#
.......................+
.##.......##.....##....#
.##.......##.....##.>..##
..#.......#.....JJT......
..#.....<.##..$.S##......
..#.......##.....# .....
..#..............# .###
..#.......}......# #
.)#...............
..)...............
.†#...............
..#................
.##......#


You could see 2 slime creatures and a troll.

Vanquished Creatures
  A gargoyle (D:7)
  A troll (D:7)
  Prince Ribbit (D:6)
  3 slime creatures (D:9)
  A wyvern (D:8)
  6 yaks
  Menkaure (D:5)
  4 water moccasins
  An orc warrior (D:8)
  Pargi (Sewer)
  An ice beast (D:5)
  A sky beast (D:5)
  2 black bears
  3 centaurs
  3 ogres
  A kobold brigand (D:9)
  2 phantoms (D:5)
  A gnoll sergeant (D:6)
  5 bullfrogs
  A scorpion (D:5)
  14 wights
  3 water moccasin zombies (Ossuary)
  5 killer bees
  6 hounds
  5 jellies
  2 orc priests (D:7)
  2 gnoll boudas
  2 sleepcaps (D:7)
  7 iguanas
  7 orc wizards
  Natasha (thrice) (D:3)
  3 mummies
  11 adders
  15 gnolls
  A shadow imp (D:8)
  2 white imps (D:7)
  An ufetubus (D:6)
  6 adder zombies (Ossuary)
  4 worms
  A dart slug (D:3)
  22 orcs
  8 ball pythons
  4 endoplasms
  A giant cockroach (D:4)
  5 gnoll zombies (Ossuary)
  7 goblins
  11 jackals
  A quokka (D:4)
  4 bats
  3 frilled lizards
  6 hobgoblin zombies (Ossuary)
  13 kobolds
  4 kobold zombies (Ossuary)
  4 orc zombies (Ossuary)
  4 rats
237 creatures vanquished.

Notes
Turn   | Place    | Note
-------+----------+-------------------------------------------
     0 | D:1      | Monkooky the Demigod Shapeshifter began the quest for the
                  | Orb.
     0 | D:1      | Reached XP level 1. HP: 17/17 MP: 3/3
     2 | D:1      | Noticed a minotaur
     4 | D:1      | Noticed a tengu
     4 | D:1      | Noticed an ogre
     6 | D:1      | Noticed an armataur
     6 | D:1      | Noticed a draconian
     8 | D:1      | Noticed a formicid
     8 | D:1      | Noticed a vampire
    10 | D:1      | Noticed a felid
    10 | D:1      | Noticed a merfolk
    12 | D:1      | Noticed an octopode
    14 | D:1      | Noticed a ghoul
    14 | D:1      | Noticed a meteoran
    16 | D:1      | Noticed a gargoyle
    18 | D:1      | Noticed a vine stalker
    18 | D:1      | Noticed a human
    20 | D:1      | Noticed a demonspawn
    20 | D:1      | Noticed a spriggan
    22 | D:1      | Noticed a naga
    22 | D:1      | Noticed a troll
    24 | D:1      | Noticed a demigod
    24 | D:1      | Noticed an elf
    26 | D:1      | Noticed an ogre
    26 | D:1      | Noticed a formicid
    80 | D:1      | Noticed a shining eye
    83 | D:1      | Noticed a great orb of eyes
    83 | D:1      | Noticed a shining eye
    83 | D:1      | Noticed an eye of devastation
   388 | D:1      | Reached XP level 2. HP: 22/24 MP: 4/4
   909 | D:2      | Reached XP level 3. HP: 17/29 MP: 5/5
  1000 | D:2      | You fall into a shaft and drop 1 floor!
  1242 | D:3      | Found Naiplix's Jewellery Emporium.
  1431 | D:3      | Identified the +5 chain mail "Reamaeps" {+Inv rF- Int+6
                  | Dex+3}
  1454 | D:3      | Found Veipt's Weapon Shoppe.
  1471 | D:3      | Found Lostiukk's Book Shoppe.
  1531 | D:3      | Noticed Natasha
  1537 | D:3      | Killed Natasha
  1538 | D:3      | Reached skill level 3 in Shapeshifting
  1538 | D:3      | Reached XP level 4. HP: 29/36 MP: 6/6
  1548 | D:3      | Identified the +1 pair of boots of the Nexus {rPois Stlth+}
  1605 | D:3      | Noticed Natasha
  1617 | D:3      | Killed Natasha
  1843 | D:4      | Found a sand-covered staircase.
  1855 | Ossuary  | Entered an ossuary
  1927 | Ossuary  | Reached skill level 4 in Shapeshifting
  1927 | Ossuary  | Reached XP level 5. HP: 37/41 MP: 7/7
  2071 | Ossuary  | Reached XP level 6. HP: 48/48 MP: 8/8
  2295 | D:4      | Reached skill level 5 in Shapeshifting
  2437 | D:4      | Found a staircase to the Ecumenical Temple.
  2783 | D:5      | Entered Level 5 of the Dungeon
  2858 | D:5      | Noticed Menkaure
  2875 | D:5      | Killed Menkaure
  2876 | D:5      | Reached skill level 6 in Shapeshifting
  2876 | D:5      | Reached XP level 7. HP: 25/53 MP: 9/9
  3380 | D:5      | Reached skill level 7 in Shapeshifting
  3516 | D:5      | Reached XP level 8. HP: 57/61 MP: 10/10
  3845 | D:5      | Reached skill level 8 in Shapeshifting
  4612 | D:6      | Noticed Prince Ribbit
  4621 | D:6      | Killed Prince Ribbit
  4889 | D:6      | Found a glowing drain.
  4914 | Sewer    | Entered a sewer
  5004 | Sewer    | Noticed Pargi
  5015 | Sewer    | Killed Pargi
  5274 | D:6      | Reached skill level 5 in Unarmed Combat
  5274 | D:6      | Reached XP level 9. HP: 66/73 MP: 11/11
  5483 | D:6      | Reached skill level 5 in Fighting
  7048 | D:7      | Noticed a gargoyle
  7062 | D:7      | Killed a gargoyle
  7619 | D:8      | Reached XP level 10. HP: 73/88 MP: 13/13
  8929 | D:3      | Noticed Natasha
  8945 | D:3      | Killed Natasha
  8955 | D:3      | Bought a serpent talisman for 440 gold pieces
  9306 | D:8      | Reached skill level 9 in Shapeshifting
  9807 | D:9      | HP: 4/108 [slime creature (17)]
  9808 | D:9      | Slain by a slime creature

Illustrated notes

Levels and vault maps discovered:
D:1:      kb_arrival_jail, layout_basic, hellmonk_ecumenical_altar_watching_god
D:2:      layout_loops_ring, st_stairs_9, uniq_crazy_yiuf_cottage
D:3:      layout_basic, amcnicky_altar_gilded, serial_shops,
          nicolae_shop_gibbet_a_chance, shop, nicolae_shop_tiny_statue_garden,
          uniq_natasha
D:4:      layout_gridville, lemuel_tele_altar, minmay_temple_entry_antechambers,
          gup_ossuary_entry_pyramid, st_stairs_1
D:5:      minmay_recursive_quarters, layout_basic, minmay_misc_feat_diagonals,
          kennysheep_decorative_pillar, uniq_menkaure
D:6:      layout_gridville, cheibrodos_sewer_entry_bend, kennysheep_minor_cross,
          uniq_prince_ribbit1
D:7:      nzn_winding_woodlands_small [nzn_winding_woodlands_5x15_cabin,
          nzn_winding_woodlands_center_pierced_h,
          nzn_winding_woodlands_5x15_eye], layout_gridville
D:8:      layout_loops_corners, nicolae_overflow_crystal_walls
D:9:      layout_gridville, amethyst_overflow_temple_binary, david_orc_1_choice

Skill      XL: |  1  2  3  4  5  6  7  8  9 10 |
---------------+-------------------------------+-----
Unarmed Combat | 2 3 5 6 7 |  7.6
Shapeshifting  | 3 4 6 7 8 9 |  9.0
Fighting       | 4 7 8 |  8.6
Dodging        | 2 |  2.6

Action                     |  1- 3 |  4- 6 |  7- 9 | 10-12 || total
---------------------------+-------+-------+-------+-------++-------
  Melee: Unarmed           |   105 |   240 |   378 |   121 ||   844
         Punch             |     2 |    10 |    19 |     2 ||    33
         Constrict         |       |       |       |    10 ||    10
         Maw               |       |       |       |     9 ||     9
  Throw: Dart              |       |       |     5 |       ||     5
  Evoke: Wand              |       |       |     1 |       ||     1
    Use: Scroll            |       |       |     5 |       ||     5
         Potion            |       |       |     4 |     1 ||     5
   Stab: Sleeping          |     3 |       |       |       ||     3
 Armour: Animal skin       |    16 |       |       |       ||    16
         Chain mail        |     4 |   120 |   168 |     7 ||   299
         Skin              |       |       |    15 |    13 ||    28
  Dodge: Dodged            |    65 |    96 |   149 |    35 ||   345
   Form: Anaconda          |       |       |       |     1 ||     1
         Maw               |       |       |       |     1 ||     1

Table legend: (Time is in decaauts)
 A = Elapsed time spent in this place.
 B = Non-inter-level travel time spent in this place.
 C = Inter-level travel time spent in this place.
 D = Time resting spent in this place.
 E = Time spent auto-exploring this place.
 F = Levels seen in this place.
 G = Mean time per level.
                   A        B        C        D        E       F      G
               +--------+--------+--------+--------+--------+-----+--------+
         Total |   9743 |   8947 |    796 |   1637 |   5524 |  11 |  885.7 |
       Dungeon |   9245 |   8449 |    796 |   1637 |   5210 |   9 | 1027.2 |
         Sewer |    182 |    182 |      0 |      0 |    147 |   1 |  182.0 |
       Ossuary |    315 |    315 |      0 |      0 |    167 |   1 |  315.0 |
               +--------+--------+--------+--------+--------+-----+--------+

Top non-repeatable levels by time:
     D:5: 1848 daAuts
     D:6: 1650 daAuts
     D:7: 1622 daAuts
     D:8: 1264 daAuts
     D:4: 873 daAuts
     D:3: 847 daAuts
     D:1: 751 daAuts
 Ossuary: 315 daAuts
     D:2: 245 daAuts
   Sewer: 182 daAuts
     D:9: 143 daAuts
